 Dungeon Crawl Stone Soup version 0.29-a0-330-g52719c12eb (webtiles) character file.

Game seed: 10294415287528679844

190 dohliylev the Ruffian (level 5, 0/49 HPs)
             Began as a Troll Warper on May 11, 2022.
             Was an Initiate of Okawaru.
             Killed from afar by an orc wizard (5 damage)
             ... with a magic dart
             ... on level 4 of the Dungeon.
             The game lasted 00:04:07 (2963 turns).

dohliylev the Ruffian (Troll Warper)                Turns: 2963, Time: 00:04:08

Health: 0/49       AC:  4    Str: 21    XL:     5   Next: 41%
Magic:  6/6        EV: 10    Int:  9    God:    Okawaru [......]
Gold:   128        SH:  0    Dex:  9    Spells: 5/7 levels left

rFire   . . .      SeeInvis .     - Unarmed
rCold   . . .      Faith    .   (no shield)
rNeg    . . .      Spirit   .   a - +0 robe
rPois   .          Reflect  .   (helmet restricted)
rElec   .          Harm     .   (no cloak)
rCorr   .          Rampage  .   (gloves unavailable)
Will    .....                   (boots unavailable)
Stlth   +.........              (no amulet)
HPRegen 0.96/turn               (no ring)
MPRegen 0.10/turn               (no ring)

@: confused
A: large, unfitting armour, claws 3, regeneration 1, shaggy fur 1, tough skin 1
a: Renounce Religion


You were on level 4 of the Dungeon.
You worshipped Okawaru.
Okawaru was noncommittal.
You visited 1 branch of the dungeon, and saw 4 of its levels.

You collected 128 gold pieces.

Inventory:

Missiles
 c - 6 boomerangs of dispersal (quivered)
Armour
 a - a +0 robe (worn)
Jewellery
 g - a ring of wizardry
Scrolls
 b - 2 scrolls of blinking
 d - 4 scrolls of identify {unknown}
 e - 2 scrolls of teleportation {unknown}
 h - a scroll of amnesia {unknown}
 i - 4 scrolls of magic mapping {unknown}
 k - a scroll of fear {unknown}
 l - a scroll of torment {unknown}
Potions
 f - 2 potions of curing {unknown}


   Skills:
 + Level 2.0 Fighting
 + Level 0.8 Throwing
 + Level 2.8 Dodging
 + Level 3.8 Unarmed Combat
 + Level 1.7 Spellcasting
 + Level 2.7 Translocations


You had 5 spell levels left.
You knew the following spells:

 Your Spells              Type           Power      Damage    Failure   Level
a - Blink                 Tloc           10%        N/A       17%         2

Your spell library contained the following spells:

 Spells                   Type           Power      Damage    Failure   Level
 Gell's Gravitas          Tloc           5%         N/A       32%         3
 Lesser Beckoning         Tloc           5%         N/A       32%         3
 Teleport Other           Tloc           5%         N/A       32%         3
 Shock                    Conj/Air       0%         1d3       34%         1
 Frozen Ramparts          Ice            0%         1d2       71%         3
 Manifold Assault         Tloc           5%         N/A       97%         5
 Ice Form                 Ice/Tmut       0%         N/A       98%         4
 Summon Ice Beast         Ice/Summ       Unusable   N/A       N/A         4

Dungeon Overview and Level Annotations

Branches:
Dungeon (4/15)
 Temple: D:4-7

Altars:
Elyvilon
Okawaru
Qazlal
Uskayaw
Vehumet

Shops:
D:3 (


Innate Abilities, Weirdness & Mutations

You are too large for most types of armour.
You have claws for hands.
Your natural rate of healing is unusually fast.
You are covered in fur. (AC +1)
You have tough skin. (AC +1)


Message History

The orc wizard casts a spell.
The orc wizard flickers and vanishes!
Deactivating autopickup; reactivate with Ctrl-A.
You miss the kobold brigand. The orc barely misses you. Something hits you.
The orc priest hits you with a +0 whip.
The orc wizard points at you and mumbles some strange words.
You resist with some effort.
The kobold brigand unwields a +0 hand crossbow.
The kobold brigand wields a +0 short sword.
The kobold brigand hits you with a +0 short sword.
The orc hits you with a +0 short sword.
The kobold brigand attacks as you move away!
The kobold brigand hits you but does no damage.
The orc attacks as you move away! The orc hits you but does no damage.
The orc wizard attacks as you move away!
The orc wizard hits you with a +0 dagger.
The orc priest calls upon Beogh to heal the orc wizard.
The orc wizard is healed somewhat.
The kobold brigand barely misses you.
You barely miss something. Something hits you but does no damage.
The orc wizard hits you with a +0 dagger.
The orc wizard attacks as you move away!
The orc wizard hits you but does no damage.
The orc attacks as you move away! The orc barely misses you.
The kobold brigand hits you with a +0 short sword.
The orc wizard mumbles some strange words.
The orc wizard flickers and vanishes!
You bump into the rock wall.
The kobold brigand hits you with a +0 short sword.
The orc hits you with a +0 short sword. Something hits you.
* * * LOW HITPOINT WARNING * * *
You bump into the rock wall.
The kobold brigand hits you with a +0 short sword.
* * * LOW HITPOINT WARNING * * *
The orc misses you. The orc priest hits you with a +0 whip.
* * * LOW HITPOINT WARNING * * *
You hear some strange, mumbled words.
A magic dart appears from out of thin air!
The magic dart hits you.
You die...

#..........#
###.##......##
#...........(###
#...............
#......(........
#...............
#.............(.
#..<{Ko#####....
#...o@.# ###.
########


You could see a kobold brigand, an orc priest and an orc.

Vanquished Creatures
  A howler monkey (D:3)
  A hound (D:3)
  3 gnolls (D:3)
  An adder (D:3)
  An ufetubus (D:3)
  2 worms (D:3)
  2 dart slugs
  3 orcs (D:3)
  7 ball pythons
  4 bats
  9 endoplasms
  4 goblins (D:3)
  8 hobgoblins
  10 kobolds
  A quokka (D:1)
  4 frilled lizards
  4 rats
65 creatures vanquished.

Notes
Turn   | Place    | Note
-------+----------+-------------------------------------------
     0 | D:1      | dohliylev the Troll Warper began the quest for the Orb.
     0 | D:1      | Reached XP level 1. HP: 19/19 MP: 1/1
   135 | D:1      | Found a faded altar of an unknown god.
   163 | D:1      | Got Plato's Reference Book on the Birds
   197 | D:1      | Reached XP level 2. HP: 20/27 MP: 3/3
   205 | D:1      | Learned a level 2 spell: Blink
  1132 | D:2      | Reached XP level 3. HP: 26/33 MP: 1/4
  1265 | D:2      | Found an iron altar of Okawaru.
  1297 | D:2      | Became a worshipper of Warmaster Okawaru
  1777 | D:3      | Reached skill level 3 in Unarmed Combat
  1777 | D:3      | Reached XP level 4. HP: 24/42 MP: 5/5
  2013 | D:3      | Found Alebyg's Antique Weapon Emporium.
  2241 | D:3      | Reached XP level 5. HP: 25/49 MP: 6/6
  2586 | D:3      | Found a radiant altar of Vehumet.
  2586 | D:3      | Found a stormy altar of Qazlal.
  2587 | D:3      | Found a white marble altar of Elyvilon.
  2658 | D:3      | Found a hide-covered altar of Uskayaw.
  2963 | D:4      | Killed from afar by an orc wizard

Illustrated notes

Levels and vault maps discovered:
D:1:      sevenhm_arrival_forest_fort_small_6, layout_basic,
          shapermc_ecumenical_altar_rom_forum
D:2:      layout_loops_ring, basic_altar
D:3:      minmay_evil_eye, layout_loops_corners,
          mainiacjoe_overflow_cross_hatched, gammafunk_temple_overflow_claw,
          serial_shops, shop, st_stairs_13
D:4:      layout_rooms

Skill      XL: |  1  2  3  4  5 |
---------------+----------------+-----
Dodging        | 2 |  2.8
Unarmed Combat | 3 |  3.8
Fighting       | 2 |  2.0
Throwing       | |  0.8
Spellcasting   | |  1.7
Translocations | |  2.7

Action                   |  1- 3 |  4- 6 || total
-------------------------+-------+-------++-------
Melee: Unarmed           |    99 |    91 ||   190
       Punch             |       |     1 ||     1
Throw: Javelin           |       |    11 ||    11
       Boomerang         |       |     1 ||     1
 Cast: Blink             |     7 |     2 ||     9
Armor: Robe              |    24 |    23 ||    47
Dodge: Dodged            |    35 |    59 ||    94

Table legend: (Time is in decaauts)
 A = Elapsed time spent in this place.
 B = Non-inter-level travel time spent in this place.
 C = Inter-level travel time spent in this place.
 D = Time resting spent in this place.
 E = Time spent auto-exploring this place.
 F = Levels seen in this place.
 G = Mean time per level.
                   A        B        C        D        E       F      G
               +--------+--------+--------+--------+--------+-----+--------+
         Total |   2956 |   2868 |     88 |     25 |   2343 |   4 |  739.0 |
       Dungeon |   2956 |   2868 |     88 |     25 |   2343 |   4 |  739.0 |
               +--------+--------+--------+--------+--------+-----+--------+

Top non-repeatable levels by time:
     D:3: 1177 daAuts
     D:1: 1021 daAuts
     D:2: 740 daAuts
     D:4: 18 daAuts
